[ PARTIDA AOE2 · #484168460 ]
UnrankedBohemios vs Wei
[ ANÁLISIS DE REPETICIÓN · EXTRAÍDO DE LA PARTIDA GRABADA ]
Feudal
8:27
Castillos
21:57
Imperial
40:50
| APM promedio | 79.6 |
| APM pico | 154 |
| eAPM promedio | 47.2 |
| Aldeanos / militares | 157 / 196 |
Foco
⚔️ 66.9% · 🌾 33.1%
Archer ×193 · Monk ×1 · Spearman ×1 · Bombard Cannon ×1
Feudal
9:01
Castillos
23:18
Imperial
42:20
| APM promedio | 69.5 |
| APM pico | 100 |
| eAPM promedio | 38.2 |
| Aldeanos / militares | 130 / 118 |
Foco
⚔️ 19.4% · 🌾 80.6%
Battle Elephant ×89 · Scout Cavalry ×23 · Monk ×4 · Trebuchet (Packed) ×2
Feudal
8:50
Castillos
21:56
Imperial
35:32
| APM promedio | 80.8 |
| APM pico | 131 |
| eAPM promedio | 41.5 |
| Aldeanos / militares | 118 / 66 |
Foco
⚔️ 69.3% · 🌾 30.7%
Unknown (1952) ×145 · Archer ×64 · Unknown (1942) ×4 · Spearman ×1 · Skirmisher ×1
Feudal
9:00
Castillos
24:21
Imperial
—
| APM promedio | 52.6 |
| APM pico | 95 |
| eAPM promedio | 24.1 |
| Aldeanos / militares | 129 / 97 |
Foco
⚔️ 40.3% · 🌾 59.7%
Knight ×62 · Scout Cavalry ×26 · Monk ×9
Mapa de la partida
Recursos iniciales + cada clic de construcción. Líneas = muros · curvas = relieve. ◆ oro · ⬟ piedra · ● bayas · ✦ reliquia · ◌ hueco del cierre
Tu base· Abierta — hueco de 3t
Base de elloulito· ✓ Cerrada en 23:18 · 38t muro · sin puerta
Base de ITA | Killer_Storm_· ✓ Cerrada en 21:56 · 19t muro · 1 puerta(s)
Base de ITA | Padre Massimo dall'Aquila· ✓ Cerrada en 24:21 · 47t muro · 1 puerta(s)
Terreno inicial suavizado · ◌ = hueco del cierre detectado · pasá el cursor para detalles
Inputs por minuto
— Kimbo - - elloulito
Build order — Kimbo
Primeras 150 de 519 acciones detectadas
| 0:00 | Crear | Villager (Male) |
| 0:00 | Crear | Villager (Male) |
| 0:00 | Crear | Villager (Male) |
| 0:02 | Construir | House |
| 0:02 | Construir | House |
| 0:11 | Crear | Villager (Male) |
| 1:17 | Crear | Villager (Male) |
| 1:53 | Construir | Lumber Camp |
| 2:03 | Crear | Villager (Male) |
| 2:18 | Crear | Villager (Male) |
| 2:46 | Crear | Villager (Male) |
| 3:06 | Crear | Villager (Male) |
| 3:18 | Crear | Villager (Male) |
| 3:30 | Crear | Villager (Male) |
| 3:58 | Construir | House |
| 4:30 | Construir | Mining Camp |
| 4:32 | Crear | Villager (Male) |
| 4:58 | Crear | Villager (Male) |
| 5:06 | Crear | Villager (Male) |
| 5:42 | Investigar | Loom |
| 6:17 | Investigar | Feudal Age |
| 7:14 | Construir | Barracks |
| 7:54 | Crear | Villager (Male) |
| 7:56 | Construir | House |
| 8:27 | Edad | Edad Feudal |
| 8:31 | Construir | Archery Range |
| 8:46 | Crear | Villager (Male) |
| 8:49 | Construir | Archery Range |
| 9:11 | Investigar | Double-Bit Axe |
| 9:15 | Crear | Villager (Male) |
| 9:20 | Crear | Archer |
| 9:25 | Construir | House |
| 9:38 | Crear | Archer |
| 9:39 | Crear | Villager (Male) |
| 9:53 | Crear | Archer |
| 10:09 | Crear | Villager (Male) |
| 10:13 | Construir | Blacksmith |
| 10:17 | Construir | Blacksmith |
| 10:18 | Construir | Palisade Wall |
| 10:20 | Construir | House |
| 10:28 | Crear | Archer |
| 10:28 | Crear | Archer |
| 10:33 | Crear | Villager (Male) |
| 10:49 | Construir | Palisade Wall |
| 10:57 | Crear | Villager (Male) |
| 10:58 | Crear | Archer |
| 10:58 | Crear | Archer |
| 11:22 | Crear | Spearman |
| 11:24 | Crear | Villager (Male) |
| 11:37 | Construir | Mill |
| 11:55 | Crear | Archer |
| 11:55 | Crear | Archer |
| 12:12 | Investigar | Fletching |
| 12:36 | Construir | House |
| 12:57 | Crear | Villager (Male) |
| 12:57 | Crear | Archer |
| 12:58 | Crear | Archer |
| 12:58 | Construir | Farm |
| 12:59 | Construir | Farm |
| 12:59 | Construir | Farm |
| 13:11 | Crear | Archer |
| 13:11 | Crear | Archer |
| 13:15 | Construir | House |
| 13:21 | Crear | Villager (Male) |
| 13:50 | Crear | Archer |
| 13:52 | Crear | Archer |
| 13:56 | Crear | Villager (Male) |
| 13:57 | Crear | Villager (Male) |
| 14:02 | Construir | Farm |
| 14:05 | Construir | Farm |
| 14:19 | Construir | House |
| 14:25 | Crear | Villager (Male) |
| 14:36 | Construir | Palisade Wall |
| 14:37 | Construir | Palisade Wall |
| 14:40 | Construir | Palisade Wall |
| 14:41 | Construir | Palisade Wall |
| 14:42 | Construir | Palisade Wall |
| 14:45 | Construir | Palisade Wall |
| 14:46 | Construir | Palisade Wall |
| 14:49 | Crear | Archer |
| 14:49 | Crear | Villager (Male) |
| 14:54 | Construir | Palisade Wall |
| 14:56 | Construir | Farm |
| 15:14 | Crear | Villager (Male) |
| 15:15 | Crear | Archer |
| 15:23 | Crear | Archer |
| 15:23 | Crear | Archer |
| 15:31 | Construir | House |
| 15:51 | Construir | Farm |
| 15:51 | Crear | Villager (Male) |
| 15:54 | Crear | Villager (Male) |
| 15:56 | Construir | House |
| 16:00 | Construir | House |
| 16:06 | Crear | Villager (Male) |
| 16:11 | Crear | Archer |
| 16:16 | Crear | Archer |
| 16:30 | Crear | Villager (Male) |
| 16:31 | Crear | Archer |
| 16:31 | Crear | Archer |
| 16:37 | Construir | House |
| 16:53 | Crear | Archer |
| 16:53 | Crear | Archer |
| 17:01 | Crear | Archer |
| 17:11 | Crear | Villager (Male) |
| 17:11 | Crear | Villager (Male) |
| 17:12 | Crear | Villager (Male) |
| 17:12 | Crear | Villager (Male) |
| 17:21 | Construir | Farm |
| 17:22 | Construir | Farm |
| 17:35 | Construir | Farm |
| 17:45 | Crear | Villager (Male) |
| 17:47 | Construir | Farm |
| 18:07 | Construir | Farm |
| 18:08 | Construir | Farm |
| 18:32 | Crear | Villager (Male) |
| 18:33 | Crear | Archer |
| 18:33 | Crear | Archer |
| 19:05 | Construir | Palisade Wall |
| 19:11 | Construir | Lumber Camp |
| 19:17 | Investigar | Castle Age |
| 19:19 | Crear | Archer |
| 19:19 | Crear | Archer |
| 19:30 | Construir | House |
| 19:33 | Construir | House |
| 19:49 | Crear | Archer |
| 19:49 | Crear | Archer |
| 20:09 | Construir | Archery Range |
| 20:26 | Construir | House |
| 20:30 | Construir | House |
| 20:31 | Construir | House |
| 20:33 | Construir | Palisade Wall |
| 20:34 | Construir | Palisade Wall |
| 20:37 | Construir | House |
| 20:53 | Crear | Archer |
| 21:05 | Crear | Archer |
| 21:06 | Crear | Archer |
| 21:08 | Crear | Archer |
| 21:10 | Investigar | Padded Archer Armor |
| 21:13 | Investigar | Horse Collar |
| 21:14 | Investigar | Horse Collar |
| 21:35 | Construir | Watch Tower |
| 21:38 | Construir | Palisade Wall |
| 21:40 | Crear | Archer |
| 21:41 | Crear | Archer |
| 21:41 | Crear | Villager (Male) |
| 21:51 | Crear | Archer |
| 21:57 | Edad | Edad de los Castillos |
| 22:00 | Investigar | Crossbowman (upgrade) |
| 22:12 | Investigar | Bodkin Arrow |
| 22:30 | Construir | University |
Build order — elloulito
Primeras 150 de 377 acciones detectadas
| 0:00 | Crear | Villager (Male) |
| 0:00 | Crear | Villager (Male) |
| 0:01 | Crear | Villager (Male) |
| 0:02 | Construir | House |
| 0:02 | Construir | House |
| 0:18 | Crear | Villager (Male) |
| 1:25 | Crear | Villager (Male) |
| 1:56 | Crear | Villager (Male) |
| 2:01 | Construir | Lumber Camp |
| 2:08 | Construir | House |
| 2:17 | Crear | Villager (Male) |
| 2:17 | Crear | Villager (Male) |
| 2:39 | Crear | Villager (Male) |
| 2:40 | Crear | Villager (Male) |
| 2:54 | Crear | Villager (Male) |
| 3:10 | Crear | Villager (Male) |
| 4:07 | Crear | Villager (Male) |
| 4:17 | Construir | Mill |
| 4:22 | Crear | Villager (Male) |
| 4:40 | Crear | Villager (Male) |
| 5:20 | Crear | Villager (Male) |
| 5:37 | Crear | Villager (Male) |
| 5:37 | Crear | Villager (Male) |
| 6:02 | Investigar | Loom |
| 6:51 | Investigar | Feudal Age |
| 7:20 | Construir | Barracks |
| 7:32 | Crear | Villager (Male) |
| 7:35 | Construir | House |
| 9:01 | Edad | Edad Feudal |
| 9:03 | Construir | Stable |
| 9:10 | Investigar | Double-Bit Axe |
| 9:11 | Investigar | Horse Collar |
| 9:25 | Construir | House |
| 9:28 | Crear | Villager (Male) |
| 9:48 | Crear | Scout Cavalry |
| 9:50 | Crear | Villager (Male) |
| 9:58 | Construir | House |
| 10:03 | Construir | Farm |
| 10:16 | Crear | Scout Cavalry |
| 10:17 | Crear | Villager (Male) |
| 10:20 | Construir | Farm |
| 10:35 | Construir | House |
| 10:37 | Construir | Palisade Wall |
| 10:40 | Crear | Villager (Male) |
| 10:46 | Construir | Farm |
| 10:50 | Crear | Scout Cavalry |
| 11:02 | Crear | Villager (Male) |
| 11:05 | Construir | Palisade Wall |
| 11:06 | Construir | Palisade Wall |
| 11:24 | Crear | Villager (Male) |
| 11:27 | Construir | Farm |
| 11:38 | Construir | Farm |
| 11:39 | Crear | Scout Cavalry |
| 12:00 | Construir | Blacksmith |
| 12:04 | Crear | Villager (Male) |
| 12:15 | Crear | Villager (Male) |
| 12:16 | Construir | Farm |
| 12:30 | Crear | Scout Cavalry |
| 12:30 | Crear | Villager (Male) |
| 12:34 | Construir | Farm |
| 12:51 | Construir | House |
| 12:55 | Construir | House |
| 12:56 | Crear | Villager (Male) |
| 13:08 | Construir | Farm |
| 13:09 | Crear | Villager (Male) |
| 13:20 | Crear | Villager (Male) |
| 13:23 | Construir | Farm |
| 13:33 | Crear | Scout Cavalry |
| 13:39 | Construir | Farm |
| 13:56 | Investigar | Forging |
| 14:05 | Construir | Farm |
| 14:28 | Construir | Farm |
| 14:29 | Crear | Villager (Male) |
| 14:46 | Crear | Villager (Male) |
| 14:49 | Construir | Mining Camp |
| 14:58 | Crear | Scout Cavalry |
| 15:08 | Construir | Farm |
| 15:10 | Construir | Farm |
| 15:17 | Crear | Scout Cavalry |
| 15:21 | Crear | Villager (Male) |
| 15:22 | Construir | Farm |
| 15:42 | Crear | Villager (Male) |
| 15:45 | Construir | Farm |
| 15:46 | Construir | Farm |
| 15:48 | Crear | Villager (Male) |
| 15:50 | Construir | Farm |
| 15:59 | Construir | Lumber Camp |
| 16:05 | Crear | Scout Cavalry |
| 16:13 | Construir | House |
| 16:16 | Construir | House |
| 16:28 | Construir | Farm |
| 16:39 | Crear | Scout Cavalry |
| 16:58 | Crear | Villager (Male) |
| 17:01 | Construir | Farm |
| 17:07 | Construir | House |
| 17:08 | Construir | House |
| 17:09 | Construir | House |
| 17:10 | Construir | House |
| 17:12 | Construir | Palisade Wall |
| 17:23 | Crear | Scout Cavalry |
| 17:24 | Crear | Villager (Male) |
| 17:30 | Construir | House |
| 17:33 | Construir | Palisade Wall |
| 17:39 | Investigar | Town Watch |
| 17:41 | Investigar | Wheelbarrow |
| 17:41 | Investigar | Wheelbarrow |
| 17:45 | Crear | Villager (Male) |
| 17:50 | Investigar | Wheelbarrow |
| 17:50 | Investigar | Wheelbarrow |
| 17:58 | Crear | Scout Cavalry |
| 18:02 | Construir | Stable |
| 18:04 | Construir | House |
| 18:06 | Construir | House |
| 18:21 | Crear | Scout Cavalry |
| 18:23 | Investigar | Scale Barding Armor |
| 18:29 | Crear | Villager (Male) |
| 18:49 | Construir | Market |
| 18:50 | Construir | House |
| 19:06 | Crear | Villager (Male) |
| 19:17 | Construir | House |
| 19:37 | Construir | Palisade Wall |
| 19:39 | Construir | Palisade Wall |
| 20:05 | Crear | Villager (Male) |
| 20:21 | Construir | House |
| 20:33 | Construir | Farm |
| 20:38 | Investigar | Castle Age |
| 20:50 | Crear | Scout Cavalry |
| 20:58 | Crear | Scout Cavalry |
| 21:20 | Construir | Farm |
| 21:24 | Construir | Farm |
| 21:31 | Investigar | Bloodlines |
| 21:37 | Crear | Scout Cavalry |
| 21:55 | Crear | Scout Cavalry |
| 21:57 | Crear | Villager (Male) |
| 22:26 | Crear | Scout Cavalry |
| 22:53 | Crear | Scout Cavalry |
| 22:54 | Crear | Scout Cavalry |
| 23:18 | Edad | Edad de los Castillos |
| 23:19 | Crear | Villager (Male) |
| 23:22 | Construir | Watch Tower |
| 23:26 | Crear | Villager (Male) |
| 23:28 | Construir | Farm |
| 23:29 | Construir | Farm |
| 23:31 | Investigar | Heavy Plow |
| 23:32 | Investigar | Light Cavalry (upgrade) |
| 23:57 | Construir | House |
| 24:16 | Investigar | Chain Barding Armor |
| 24:19 | Crear | Battle Elephant |
| 24:19 | Crear | Battle Elephant |
| 24:27 | Construir | Farm |
Build order — ITA | Killer_Storm_
Primeras 150 de 465 acciones detectadas
| 0:00 | Crear | Villager (Male) |
| 0:01 | Construir | House |
| 0:02 | Construir | House |
| 0:05 | Crear | Villager (Male) |
| 0:06 | Crear | Villager (Male) |
| 0:07 | Crear | Villager (Male) |
| 1:26 | Crear | Villager (Male) |
| 1:53 | Construir | Lumber Camp |
| 1:54 | Crear | Villager (Male) |
| 2:21 | Crear | Villager (Male) |
| 2:35 | Crear | Villager (Male) |
| 2:35 | Crear | Villager (Male) |
| 2:47 | Crear | Villager (Male) |
| 2:49 | Construir | House |
| 3:15 | Crear | Villager (Male) |
| 3:42 | Crear | Villager (Male) |
| 3:42 | Crear | Villager (Male) |
| 4:05 | Crear | Villager (Male) |
| 4:51 | Crear | Villager (Male) |
| 4:51 | Crear | Villager (Male) |
| 4:52 | Crear | Villager (Male) |
| 5:02 | Construir | Mining Camp |
| 5:17 | Investigar | Loom |
| 6:32 | Investigar | Feudal Age |
| 7:21 | Construir | Barracks |
| 7:22 | Construir | House |
| 7:53 | Crear | Villager (Male) |
| 8:40 | Crear | Villager (Male) |
| 8:50 | Edad | Edad Feudal |
| 8:52 | Construir | Archery Range |
| 8:59 | Investigar | Double-Bit Axe |
| 9:01 | Crear | Villager (Male) |
| 9:12 | Crear | Villager (Male) |
| 9:15 | Construir | Archery Range |
| 9:30 | Construir | House |
| 9:35 | Construir | Palisade Wall |
| 9:43 | Crear | Villager (Male) |
| 9:45 | Construir | Palisade Wall |
| 9:47 | Construir | Palisade Wall |
| 9:55 | Crear | Archer |
| 10:02 | Crear | Archer |
| 10:05 | Construir | House |
| 10:09 | Crear | Archer |
| 10:11 | Crear | Villager (Male) |
| 10:15 | Construir | Palisade Wall |
| 10:16 | Construir | Palisade Wall |
| 10:29 | Construir | Palisade Wall |
| 10:30 | Construir | Palisade Wall |
| 10:35 | Crear | Archer |
| 10:44 | Crear | Archer |
| 10:51 | Crear | Spearman |
| 10:58 | Crear | Villager (Male) |
| 11:06 | Construir | Mill |
| 11:09 | Crear | Archer |
| 11:25 | Crear | Villager (Male) |
| 11:46 | Construir | Blacksmith |
| 11:53 | Crear | Villager (Male) |
| 11:53 | Crear | Archer |
| 12:01 | Construir | House |
| 12:02 | Construir | Palisade Wall |
| 12:03 | Construir | Palisade Wall |
| 12:13 | Crear | Archer |
| 12:20 | Crear | Villager (Male) |
| 12:21 | Crear | Archer |
| 12:34 | Investigar | Fletching |
| 12:39 | Construir | Farm |
| 12:41 | Crear | Archer |
| 12:53 | Crear | Villager (Male) |
| 12:59 | Construir | Farm |
| 13:06 | Construir | House |
| 13:12 | Crear | Archer |
| 13:16 | Construir | Farm |
| 13:21 | Crear | Archer |
| 13:34 | Construir | House |
| 13:37 | Construir | Palisade Wall |
| 13:38 | Construir | Palisade Wall |
| 13:41 | Crear | Villager (Male) |
| 13:42 | Crear | Archer |
| 13:58 | Construir | Farm |
| 13:59 | Crear | Villager (Male) |
| 14:02 | Construir | House |
| 14:04 | Construir | Palisade Wall |
| 14:12 | Construir | Farm |
| 14:13 | Crear | Villager (Male) |
| 14:14 | Crear | Archer |
| 14:31 | Construir | Farm |
| 14:33 | Crear | Archer |
| 14:35 | Crear | Villager (Male) |
| 14:47 | Crear | Archer |
| 14:52 | Construir | Farm |
| 14:57 | Crear | Villager (Male) |
| 15:07 | Construir | Palisade Gate |
| 15:13 | Construir | House |
| 15:21 | Crear | Villager (Male) |
| 15:21 | Crear | Archer |
| 15:34 | Construir | Watch Tower |
| 15:44 | Crear | Villager (Male) |
| 15:45 | Crear | Archer |
| 15:55 | Construir | Farm |
| 15:57 | Crear | Villager (Male) |
| 15:57 | Crear | Archer |
| 16:03 | Crear | Archer |
| 16:13 | Construir | House |
| 16:18 | Crear | Villager (Male) |
| 16:19 | Crear | Archer |
| 16:35 | Construir | Farm |
| 16:52 | Crear | Villager (Male) |
| 16:52 | Crear | Archer |
| 17:03 | Crear | Villager (Male) |
| 17:03 | Crear | Archer |
| 17:20 | Construir | Farm |
| 17:22 | Construir | Farm |
| 17:25 | Construir | Farm |
| 17:29 | Crear | Villager (Male) |
| 17:35 | Crear | Archer |
| 17:43 | Crear | Villager (Male) |
| 18:00 | Construir | Farm |
| 18:04 | Crear | Villager (Male) |
| 18:05 | Crear | Archer |
| 18:33 | Construir | Lumber Camp |
| 18:41 | Crear | Archer |
| 18:41 | Crear | Archer |
| 19:07 | Crear | Archer |
| 19:16 | Investigar | Castle Age |
| 19:27 | Construir | Lumber Camp |
| 19:28 | Crear | Archer |
| 19:39 | Construir | House |
| 19:41 | Crear | Archer |
| 19:46 | Investigar | Horse Collar |
| 19:52 | Construir | House |
| 19:53 | Construir | House |
| 20:08 | Investigar | Gold Mining |
| 20:08 | Investigar | Gold Mining |
| 20:10 | Crear | Archer |
| 20:10 | Crear | Archer |
| 20:10 | Crear | Archer |
| 20:18 | Crear | Villager (Male) |
| 20:19 | Crear | Archer |
| 20:23 | Investigar | Padded Archer Armor |
| 20:31 | Crear | Archer |
| 20:31 | Crear | Archer |
| 20:39 | Construir | Farm |
| 20:42 | Crear | Villager (Male) |
| 20:43 | Crear | Archer |
| 21:48 | Crear | Villager (Male) |
| 21:56 | Edad | Edad de los Castillos |
| 21:58 | Construir | University |
| 22:00 | Investigar | Crossbowman (upgrade) |
| 22:01 | Investigar | Bodkin Arrow |
| 22:08 | Crear | Villager (Male) |
Build order — ITA | Padre Massimo dall'Aquila
Primeras 150 de 382 acciones detectadas
| 0:00 | Crear | Villager (Male) |
| 0:02 | Construir | House |
| 0:04 | Construir | House |
| 0:06 | Crear | Villager (Male) |
| 0:07 | Crear | Villager (Male) |
| 0:07 | Crear | Villager (Male) |
| 1:23 | Crear | Villager (Male) |
| 1:24 | Crear | Villager (Male) |
| 1:49 | Construir | Lumber Camp |
| 2:05 | Crear | Villager (Male) |
| 2:05 | Crear | Villager (Male) |
| 2:25 | Crear | Villager (Male) |
| 2:51 | Crear | Villager (Male) |
| 3:07 | Crear | Villager (Male) |
| 3:07 | Crear | Villager (Male) |
| 3:43 | Crear | Villager (Male) |
| 3:48 | Construir | House |
| 4:00 | Crear | Villager (Male) |
| 4:17 | Construir | Mill |
| 4:33 | Crear | Villager (Male) |
| 4:33 | Crear | Villager (Male) |
| 5:05 | Crear | Villager (Male) |
| 5:06 | Crear | Villager (Male) |
| 6:13 | Crear | Villager (Male) |
| 6:36 | Crear | Villager (Male) |
| 6:50 | Investigar | Feudal Age |
| 6:51 | Investigar | Loom |
| 7:27 | Construir | Barracks |
| 7:55 | Construir | House |
| 9:00 | Edad | Edad Feudal |
| 9:03 | Investigar | Double-Bit Axe |
| 9:05 | Construir | Stable |
| 9:06 | Construir | House |
| 9:14 | Crear | Villager (Male) |
| 9:33 | Crear | Villager (Male) |
| 9:35 | Construir | House |
| 9:37 | Construir | Palisade Wall |
| 9:39 | Construir | Palisade Wall |
| 9:40 | Construir | Palisade Wall |
| 9:55 | Crear | Scout Cavalry |
| 9:55 | Crear | Scout Cavalry |
| 10:09 | Construir | House |
| 10:11 | Construir | Palisade Wall |
| 10:13 | Construir | Palisade Wall |
| 10:15 | Crear | Villager (Male) |
| 10:16 | Crear | Scout Cavalry |
| 10:20 | Construir | Farm |
| 10:22 | Construir | Farm |
| 10:28 | Crear | Villager (Male) |
| 10:43 | Construir | Farm |
| 10:48 | Crear | Villager (Male) |
| 11:05 | Construir | Farm |
| 11:06 | Construir | Farm |
| 11:11 | Construir | Palisade Wall |
| 11:12 | Construir | Palisade Wall |
| 11:16 | Crear | Scout Cavalry |
| 11:33 | Crear | Villager (Male) |
| 11:36 | Construir | Farm |
| 11:42 | Construir | Farm |
| 11:51 | Crear | Scout Cavalry |
| 12:05 | Construir | House |
| 12:20 | Crear | Villager (Male) |
| 12:31 | Construir | House |
| 12:35 | Construir | House |
| 12:37 | Construir | House |
| 12:39 | Crear | Scout Cavalry |
| 13:02 | Crear | Villager (Male) |
| 13:05 | Construir | Farm |
| 13:06 | Construir | Farm |
| 13:14 | Construir | Farm |
| 13:15 | Construir | Farm |
| 13:27 | Crear | Scout Cavalry |
| 13:28 | Crear | Villager (Male) |
| 13:49 | Crear | Villager (Male) |
| 13:55 | Construir | Farm |
| 14:01 | Construir | House |
| 14:09 | Crear | Scout Cavalry |
| 14:12 | Construir | Farm |
| 14:13 | Construir | Farm |
| 14:14 | Construir | Farm |
| 14:20 | Crear | Villager (Male) |
| 14:35 | Crear | Villager (Male) |
| 14:47 | Crear | Villager (Male) |
| 14:50 | Crear | Scout Cavalry |
| 15:11 | Crear | Scout Cavalry |
| 15:22 | Construir | Farm |
| 15:27 | Construir | Farm |
| 15:28 | Construir | Farm |
| 15:30 | Construir | Farm |
| 15:34 | Construir | House |
| 15:37 | Crear | Villager (Male) |
| 15:44 | Crear | Scout Cavalry |
| 15:45 | Crear | Villager (Male) |
| 15:53 | Crear | Villager (Male) |
| 16:10 | Construir | Blacksmith |
| 16:27 | Construir | Palisade Wall |
| 16:31 | Construir | Palisade Wall |
| 16:37 | Crear | Villager (Male) |
| 16:38 | Crear | Scout Cavalry |
| 16:44 | Construir | House |
| 16:47 | Construir | House |
| 16:53 | Crear | Scout Cavalry |
| 16:54 | Crear | Villager (Male) |
| 16:57 | Investigar | Scale Barding Armor |
| 17:10 | Construir | Palisade Wall |
| 17:11 | Construir | Palisade Wall |
| 17:18 | Crear | Scout Cavalry |
| 17:20 | Crear | Villager (Male) |
| 17:33 | Construir | House |
| 17:40 | Investigar | Forging |
| 17:41 | Crear | Scout Cavalry |
| 17:45 | Construir | Mining Camp |
| 17:51 | Construir | Palisade Wall |
| 17:52 | Construir | Palisade Wall |
| 18:04 | Crear | Villager (Male) |
| 18:25 | Crear | Scout Cavalry |
| 18:28 | Crear | Villager (Male) |
| 18:30 | Construir | Farm |
| 18:30 | Construir | Farm |
| 18:31 | Construir | Farm |
| 18:39 | Crear | Villager (Male) |
| 18:57 | Investigar | Bloodlines |
| 19:01 | Construir | House |
| 19:21 | Crear | Villager (Male) |
| 19:44 | Crear | Villager (Male) |
| 19:50 | Construir | Palisade Gate |
| 20:01 | Crear | Scout Cavalry |
| 20:05 | Crear | Villager (Male) |
| 20:09 | Construir | Farm |
| 20:10 | Construir | Farm |
| 20:12 | Construir | Farm |
| 20:14 | Crear | Villager (Male) |
| 20:20 | Crear | Scout Cavalry |
| 20:35 | Construir | Farm |
| 20:39 | Crear | Villager (Male) |
| 21:01 | Crear | Scout Cavalry |
| 21:08 | Crear | Villager (Male) |
| 21:10 | Crear | Scout Cavalry |
| 21:41 | Investigar | Castle Age |
| 21:44 | Construir | Stable |
| 21:56 | Investigar | Horse Collar |
| 22:09 | Investigar | Gold Mining |
| 22:27 | Construir | Watch Tower |
| 22:35 | Crear | Scout Cavalry |
| 22:37 | Crear | Scout Cavalry |
| 22:55 | Crear | Villager (Male) |
| 22:58 | Construir | House |
| 23:00 | Construir | House |
| 23:01 | Construir | House |
| 23:04 | Construir | Palisade Wall |
Cronología de la partida
| 7:14 | Kimbo · first_building Barracks |
| 7:20 | elloulito · first_building Barracks |
| 7:21 | ITA | Killer_Storm_ · first_building Barracks |
| 7:27 | ITA | Padre Massimo dall'Aquila · first_building Barracks |
| 8:27 | Kimbo · age_up feudal |
| 8:31 | Kimbo · first_building Archery Range |
| 8:50 | ITA | Killer_Storm_ · age_up feudal |
| 8:52 | ITA | Killer_Storm_ · first_building Archery Range |
| 9:00 | ITA | Padre Massimo dall'Aquila · age_up feudal |
| 9:01 | elloulito · age_up feudal |
| 9:03 | elloulito · first_building Stable |
| 9:05 | ITA | Padre Massimo dall'Aquila · first_building Stable |
| 9:35 | ITA | Killer_Storm_ · wall_segment Palisade Wall x6 |
| 9:37 | ITA | Padre Massimo dall'Aquila · wall_segment Palisade Wall x5 |
| 9:39 | ITA | Padre Massimo dall'Aquila · wall_segment Palisade Wall x10 |
| 9:40 | ITA | Padre Massimo dall'Aquila · wall_segment Palisade Wall x1 |
| 9:45 | ITA | Killer_Storm_ · wall_segment Palisade Wall x1 |
| 9:47 | ITA | Killer_Storm_ · wall_segment Palisade Wall x1 |
| 10:11 | ITA | Padre Massimo dall'Aquila · wall_segment Palisade Wall x8 |
| 10:13 | ITA | Padre Massimo dall'Aquila · wall_segment Palisade Wall x1 |
| 10:15 | ITA | Killer_Storm_ · wall_segment Palisade Wall x1 |
| 10:16 | ITA | Killer_Storm_ · wall_segment Palisade Wall x1 |
| 10:18 | Kimbo · wall_segment Palisade Wall x1 |
| 10:29 | ITA | Killer_Storm_ · wall_segment Palisade Wall x3 |
| 10:30 | ITA | Killer_Storm_ · wall_segment Palisade Wall x1 |
| 10:37 | elloulito · wall_segment Palisade Wall x7 |
| 10:49 | Kimbo · wall_segment Palisade Wall x5 |
| 11:05 | elloulito · wall_segment Palisade Wall x1 |
| 11:06 | elloulito · wall_segment Palisade Wall x10 |
| 11:11 | ITA | Padre Massimo dall'Aquila · wall_segment Palisade Wall x3 |
| 11:12 | ITA | Padre Massimo dall'Aquila · wall_segment Palisade Wall x3 |
| 12:02 | ITA | Killer_Storm_ · wall_segment Palisade Wall x1 |
| 12:03 | ITA | Killer_Storm_ · wall_segment Palisade Wall x1 |
| 13:37 | ITA | Killer_Storm_ · wall_segment Palisade Wall x1 |
| 13:38 | ITA | Killer_Storm_ · wall_segment Palisade Wall x1 |
| 14:04 | ITA | Killer_Storm_ · wall_segment Palisade Wall x1 |
| 14:36 | Kimbo · wall_segment Palisade Wall x1 |
| 14:37 | Kimbo · wall_segment Palisade Wall x4 |
| 14:40 | Kimbo · wall_segment Palisade Wall x1 |
| 14:41 | Kimbo · wall_segment Palisade Wall x1 |
| 14:42 | Kimbo · wall_segment Palisade Wall x3 |
| 14:45 | Kimbo · wall_segment Palisade Wall x1 |
| 14:46 | Kimbo · wall_segment Palisade Wall x6 |
| 14:54 | Kimbo · wall_segment Palisade Wall x1 |
| 16:27 | ITA | Padre Massimo dall'Aquila · wall_segment Palisade Wall x1 |
| 16:31 | ITA | Padre Massimo dall'Aquila · wall_segment Palisade Wall x13 |
| 17:10 | ITA | Padre Massimo dall'Aquila · wall_segment Palisade Wall x1 |
| 17:11 | ITA | Padre Massimo dall'Aquila · wall_segment Palisade Wall x1 |
| 17:12 | elloulito · wall_segment Palisade Wall x2 |
| 17:33 | elloulito · wall_segment Palisade Wall x13 |
| 17:51 | ITA | Padre Massimo dall'Aquila · wall_segment Palisade Wall x1 |
| 17:52 | ITA | Padre Massimo dall'Aquila · wall_segment Palisade Wall x1 |
| 19:05 | Kimbo · wall_segment Palisade Wall x1 |
| 19:37 | elloulito · wall_segment Palisade Wall x5 |
| 19:39 | elloulito · wall_segment Palisade Wall x1 |
| 20:01 | elloulito · first_market_buy 100 food |
| 20:33 | Kimbo · wall_segment Palisade Wall x1 |
| 20:34 | Kimbo · wall_segment Palisade Wall x1 |
| 20:37 | elloulito · first_market_sell 100 wood |
| 21:38 | Kimbo · wall_segment Palisade Wall x12 |
| 21:56 | ITA | Killer_Storm_ · age_up castle |
| 21:57 | Kimbo · age_up castle |
| 22:42 | Kimbo · wall_segment Palisade Wall x4 |
| 23:04 | ITA | Padre Massimo dall'Aquila · wall_segment Palisade Wall x1 |
| 23:05 | ITA | Padre Massimo dall'Aquila · wall_segment Palisade Wall x1 |
| 23:18 | elloulito · age_up castle |
| 24:21 | ITA | Padre Massimo dall'Aquila · age_up castle |
| 25:24 | elloulito · first_building Monastery |
| 26:50 | ITA | Killer_Storm_ · first_market_buy 100 stone |
| 27:01 | Kimbo · first_market_sell 500 stone |
| 27:13 | ITA | Padre Massimo dall'Aquila · wall_segment Palisade Wall x1 |
| 27:16 | ITA | Padre Massimo dall'Aquila · wall_segment Palisade Wall x1 |
| 28:00 | Kimbo · first_market_buy 100 wood |
| 28:04 | Kimbo · first_building Monastery |
| 28:40 | ITA | Padre Massimo dall'Aquila · first_building Monastery |
| 28:49 | ITA | Padre Massimo dall'Aquila · wall_segment Palisade Wall x1 |
| 29:00 | ITA | Padre Massimo dall'Aquila · wall_segment Palisade Wall x1 |
| 29:05 | ITA | Padre Massimo dall'Aquila · wall_segment Palisade Wall x1 |
| 29:38 | ITA | Killer_Storm_ · first_building Stable |
| 31:35 | ITA | Killer_Storm_ · first_building Monastery |
| 32:11 | ITA | Killer_Storm_ · first_market_sell 500 wood |
| 35:32 | ITA | Killer_Storm_ · age_up imperial |
| 37:50 | ITA | Killer_Storm_ · first_building Castle |
| 39:40 | Kimbo · first_building Castle |
| 40:50 | Kimbo · age_up imperial |
| 41:01 | Kimbo · first_building Siege Workshop |
| 41:15 | ITA | Killer_Storm_ · tribute_sent a jugador 1 |
| 41:15 | ITA | Killer_Storm_ · tribute_sent a jugador 3 |
| 41:15 | ITA | Killer_Storm_ · tribute_sent a jugador 4 |
| 41:33 | elloulito · first_building Castle |
| 42:20 | elloulito · age_up imperial |
| 42:57 | ITA | Killer_Storm_ · first_building Siege Workshop |
| 44:47 | ITA | Padre Massimo dall'Aquila · first_market_buy 100 wood |
| 45:14 | Kimbo · wall_segment Palisade Wall x1 |
| 45:24 | ITA | Killer_Storm_ · resign |
[ ANÁLISIS IA · 1 CRÉDITO ]
¿Qué pasó realmente en esta partida?
Wolo.gg analiza cada decisión: build order, eco, micro, errores típicos por bracket. Análisis personalizado por WhatsApp o Discord en 30 segundos.
Guía civ
Bohemios
Perfil
Jugador #2736083